Map: [ESL] Waterfall

Players

Killermonjas

  • Race: Protoss Protoss
  • Spawn Location: 1:00

Harstem - Winner!

  • Race: Protoss Protoss
  • Spawn Location: 7:00

Event: DreamHack SC2 Masters 2022 Valencia

VOD

Have the link to the VOD?

Description

Time

  • Played on: July 1, 2022, 9:47 a.m.
  • Length: 6:30

All games in this series

Show
View Real Time Build Order
Export as new Build Order

Killermonjas Protoss 

Build Orders:  

Get SALT Encoding   

  12  0:00  Probe  
  13  0:12  Probe  
  14  0:17  Pylon  
  14  0:24  Probe (Chrono Boost)  
  15  0:36  Gateway  
  15  0:37  Probe (Chrono Boost)  
  15  0:42  Probe (Chrono Boost)  
  16  0:46  Assimilator  
  17  0:53  Probe (Chrono Boost)  
  17  0:55  Assimilator  
  18  1:05  Probe (Chrono Boost)  
  18  1:08  Gateway  
  19  1:14  Probe (Chrono Boost)  
  20  1:23  Cybernetics Core  
  20  1:24  Probe  
  21  1:36  Pylon, Probe  
  22  1:47  Pylon  
  22  1:48  Probe  
  23  2:00  Stalker, Probe  
  26  2:06  Pylon  
  26  2:08  Stalker  
  28  2:18  Pylon  
  28  2:21  Probe  
  29  2:25  Pylon  
  29  2:35  Stalker  
  31  2:39  Stalker  
  31  2:43  Probe  
  33  2:59  Nexus  
  33  3:12  Twilight Council  
  31  3:31  Probe (Chrono Boost), Forge  
  32  3:43  Warp Gate (Chrono Boost), Probe (Chrono Boost)  
  32  3:46  Stalker  
  35  3:50  Probe (Chrono Boost)  
  35  3:57  Probe  
  35  4:00  Robotics Facility  
  36  4:04  Charge  
  36  4:07  Protoss Ground Weapons Level 1 (Chrono Boost)  
  36  4:09  Probe  
  33  4:20  Probe  
  33  4:21  Probe  
  35  4:25  Gateway  
  34  4:33  Probe x2  
  36  4:39  Gateway  
  36  4:45  Probe x2  
  36  4:54  Pylon  
  36  4:58  Warp Prism (Chrono Boost)  
  36  5:07  Probe  
  39  5:10  Pylon  
  39  5:26  Zealot x3  
  43  5:36  Zealot  
  35  5:53  Zealot x2  
  35  5:54  Zealot  
  36  6:12  Zealot  
  36  6:16  Zealot x3  
Show
View Real Time Build Order
Export as new Build Order

Harstem Protoss - Winner!

Build Orders: Oracle Opening 

Get SALT Encoding   

  12  0:00  Probe  
  13  0:12  Probe  
  14  0:18  Pylon  
  14  0:24  Probe (Chrono Boost)  
  15  0:37  Probe (Chrono Boost)  
  15  0:38  Gateway  
  16  0:45  Probe (Chrono Boost)  
  16  0:46  Assimilator  
  17  0:51  Probe  
  17  0:56  Assimilator  
  18  1:03  Probe (Chrono Boost)  
  19  1:08  Pylon  
  19  1:15  Probe (Chrono Boost)  
  20  1:21  Probe (Chrono Boost)  
  21  1:26  Cybernetics Core  
  21  1:29  Probe  
  22  1:34  Zealot  
  24  1:41  Probe  
  25  1:53  Probe  
  26  2:02  Stargate  
  26  2:05  Stalker  
  26  2:08  Probe  
  29  2:13  Warp Gate  
  29  2:19  Pylon  
  29  2:20  Probe  
  30  2:30  Pylon  
  31  2:44  Oracle (Chrono Boost)  
  34  2:54  Nexus  
  33  2:59  Shield Battery  
  33  3:02  Probe  
  34  3:12  Oracle (Chrono Boost)  
  33  3:14  Probe  
  37  3:23  Pylon  
  36  3:28  Probe  
  36  3:32  Twilight Council  
  37  3:40  Probe  
  38  3:47  Gateway  
  38  3:52  Probe  
  39  4:04  Stalker, Probe  
  39  4:06  Probe  
  43  4:12  Blink (Chrono Boost)  
  44  4:18  Probe (Chrono Boost)  
  44  4:19  Probe (Chrono Boost)  
  45  4:28  Stalker  
  45  4:29  Probe (Chrono Boost)  
  49  4:32  Probe (Chrono Boost)  
  49  4:34  Probe (Chrono Boost), Gateway  
  50  4:40  Probe  
  50  4:45  Stalker  
  53  4:46  Probe  
  53  4:49  Pylon  
  53  4:52  Stalker  
  56  4:53  Probe  
  56  4:58  Probe  
  59  5:08  Stalker  
  59  5:13  Assimilator  
  60  5:16  Nexus  
  60  5:17  Probe  
  60  5:19  Probe  
  62  5:25  Stalker  
  64  5:34  Stalker x2, Probe  
  69  5:45  Pylon  
  68  5:51  Stalker  
  68  5:54  Shield Battery  
  68  5:55  Pylon  
  68  5:57  Pylon  
  68  5:59  Forge  
  68  6:03  Stalker  
  70  6:12  Stalker  
  72  6:21  Stalker  
  75  6:27  Stalker  

Tags
 
Add a new tag
Caveats
  • Supply blocks, unpowered buildings, or Contaminate may cause inaccurate times.
  • Supply counts are checked every 10 seconds.